 Dungeon Crawl Stone Soup version 0.30-a0-1160-g6e42c06551 (webtiles) character file.

Game seed: 15205390362083568993

855 iamoutofideas the Cleaver (level 8, 0/106 HPs)
             Began as a Hill Orc Berserker on Apr 27, 2023.
             Was a Believer of Trog.
             Succumbed to a gnoll's poison
             ... on level 5 of the Dungeon.
             The game lasted 00:04:29 (4429 turns).

iamoutofideas the Cleaver (Hill Orc Berserker)      Turns: 4429, Time: 00:04:30

Health: 0/106      AC: 32    Str: 22    XL:     8   Next: 1%
Magic:  8/8        EV:  2    Int:  7    God:    Trog [**....]
Gold:   184        SH:  5    Dex: 10    Spells: 7/7 levels left

rFire   . . .        y - +0 war axe
rCold   . . .        (no shield)
rNeg    . . .        n - melded +0 chain mail
rPois   +            B - melded +0 helmet
rElec   .            (cloak currently unavailable)
rCorr   .            r - melded +2 pair of gloves
SInv    .            (boots currently unavailable)
Will    ++...        f - amulet of reflection
Stlth   +            p - +4 ring of protection
HPRegen 1.37/turn    t - +4 ring of protection
MPRegen 0.11/turn

%: reflection
@: mighty, lethally poisoned (0 -> -2), tree-form, strong-willed, on berserk
cooldown, regenerating, slowed, very slow
A: stationary, stasis, torment immunity, boosted hp
a: Renounce Religion, Berserk, Trog's Hand


You were on level 5 of the Dungeon.
You worshipped Trog.
Trog was pleased with you.
You were a tree.
You visited 2 branches of the dungeon, and saw 6 of its levels.

You collected 184 gold pieces.

Inventory:

Hand Weapons
 y - a +0 war axe (weapon)
Missiles
 w - a throwing net (quivered)
Armour
 g - a +0 robe of the Archmagi
 k - a +0 leather armour
 n - a +0 chain mail (melded)
 r - a +2 pair of gloves (melded)
 B - a +0 helmet (melded)
Jewellery
 f - an amulet of reflection (around neck)
 p - a +4 ring of protection (left branch)
 t - a +4 ring of protection (right branch)
Wands
 q - a wand of paralysis (11)
 x - a wand of roots (7)
Scrolls
 e - 2 scrolls of noise {unknown}
 h - a scroll of amnesia {unknown}
 i - 3 scrolls of identify {unknown}
 l - a scroll of torment {unknown}
 o - 3 scrolls of teleportation {unknown}
 C - a scroll of fear {unknown}
 D - a scroll of brand weapon {unknown}
Potions
 a - a potion of might
 b - 3 potions of lignification
 c - a potion of curing {unknown}
 d - a potion of brilliance {unknown}
 j - a potion of haste {unknown}
 m - 2 potions of invisibility {unknown}
 s - a potion of attraction {unknown}
 u - a potion of ambrosia {unknown}
 v - 2 potions of cancellation {unknown}
 z - a potion of berserk rage {unknown}
 A - 2 potions of heal wounds {unknown}


   Skills:
 + Level 6.6 Fighting
 - Level 9.0 Axes
 + Level 4.4 Armour
 + Level 2.0 Dodging
 + Level 1.4 Shields


You had 7 spell levels left.
You didn't know any spells.
Your spell library contained the following spells:

 Spells                   Type           Power      Damage    Failure   Level
 Apportation              Tloc           0%         N/A       43%         1
 Magic Dart               Conj           0%         1d3       43%         1
 Necrotise                Necr           0%         1d4       43%         1
 Summon Small Mammal      Summ           0%         N/A       43%         1
 Call Imp                 Summ           0%         N/A       56%         2
 Gell's Gravitas          Tloc           0%         N/A       80%         3
 Mephitic Cloud           Conj/Pois/Air  0%         N/A       80%         3
 Teleport Other           Tloc           0%         N/A       80%         3
 Dispersal                Tloc           0%         N/A       100%        6


Dungeon Overview and Level Annotations

Branches:
Dungeon (5/15)             Temple (1/1) D:5

Altars:
Ashenzari
Cheibriados
Dithmenos
Elyvilon
Fedhas
Gozag
Hepliaklqana
Kikubaaqudgha
Makhleb
Nemelex Xobeh
Okawaru
Qazlal
Ru
Sif Muna
Trog
Uskayaw
Vehumet
Wu Jian
Xom
Yredelemnul
Zin
The Shining One

Annotations:
D:1 1 transporter
D:5 1 runed translucent door, Crazy Yiuf


Message History

You slash the gnoll!
The gnoll is severely wounded.
Your attacks no longer feel as feeble.
* * * LOW HITPOINT WARNING * * *
You feel very sick. The gnoll hits you but does no damage.
You are lethally poisoned!
You slice the gnoll!!
You kill the gnoll!
Trog accepts your kill.
* * * LOW HITPOINT WARNING * * *
You feel very sick.
There is a lethal amount of poison in your body!
You are too berserk!
Unknown command.
* * * LOW HITPOINT WARNING * * *
You feel very sick.
You feel a strong urge to attack something.
* * * LOW HITPOINT WARNING * * *
You feel very sick.
You are no longer berserk.
You are exhausted.
You feel yourself slow down.
* * * LOW HITPOINT WARNING * * *
You feel very sick.
Okay, then.
Your skin crawls.
You feel strong-willed.
* * * LOW HITPOINT WARNING * * *
You feel extremely sick.
It was a potion of lignification.
You turn into a tree.
Your +0 helmet melds into your body.
Your +2 pair of gloves melds into your body.
Your +0 chain mail melds into your body.
Your roots penetrate the ground.
* * * LOW HITPOINT WARNING * * *
You feel very sick.
It was a potion of might.
You feel very mighty all of a sudden.
You die...

#..###...###........
#..## #.........#....
...# ##....###..###..
..... #.....# #..##...
.....# ##..##.# #..##..#
##### ###..###.#
#).#..## ###..#...##
#.###((...#. .........#
#..#.|)..... ##....)♣.#
#...)###..#.
##...)....##.....###...
......####....##...####.
.#.... ###.#####..###.
##... ##.# #....#. .....
##.. #...... ###.. #...#
##...... ..
.....###.......
#...........###


There were no monsters in sight!

Vanquished Creatures
  Prince Ribbit (D:5)
  An ice beast (D:3)
  2 kobold brigands
  A jelly (D:4)
  A gnoll bouda (D:5)
  3 hounds
  An iguana (D:4)
  An orc wizard (D:4)
  Ijyb (D:3)
  6 gnolls
  10 adders
  A white imp (D:4)
  An ufetubus (D:4)
  A worm (D:2)
  12 orcs
  7 ball pythons
  5 bats
  4 endoplasms
  5 goblins
  3 hobgoblins
  7 jackals
  3 quokkas
  6 frilled lizards
  12 kobolds
  3 rats
98 creatures vanquished.

Notes
Turn   | Place    | Note
-------+----------+-------------------------------------------
     0 | D:1      | iamoutofideas the Hill Orc Berserker began the quest for
                  | the Orb.
     0 | D:1      | Reached XP level 1. HP: 19/19 MP: 1/1
   158 | D:1      | Found a faded altar of an unknown god.
   250 | D:1      | Reached XP level 2. HP: 20/27 MP: 2/2
  1016 | D:2      | Reached XP level 3. HP: 20/33 MP: 3/3
  1190 | D:2      | Reached skill level 5 in Axes
  1616 | D:2      | You fall into a shaft and drop 2 floors!
  1635 | D:4      | Reached XP level 4. HP: 41/41 MP: 4/4
  1750 | D:4      | Reached skill level 6 in Axes
  1752 | D:4      | Reached XP level 5. HP: 38/47 MP: 5/5
  1755 | D:4      | Reached ** piety under Trog
  1757 | D:4      | Reached skill level 5 in Fighting
  1917 | D:4      | Reached skill level 7 in Axes
  2131 | D:3      | Found a broken altar of Ashenzari.
  2158 | D:3      | Reached XP level 6. HP: 56/56 MP: 6/6
  2343 | D:3      | Noticed an ice beast
  2353 | D:3      | Killed an ice beast
  2387 | D:3      | Found a hide-covered altar of Uskayaw.
  2426 | D:3      | Found a glowing silver altar of Zin.
  2621 | D:3      | Noticed Ijyb
  2630 | D:3      | Killed Ijyb
  2631 | D:3      | Reached skill level 8 in Axes
  3379 | D:4      | Found a stormy altar of Qazlal.
  3381 | D:4      | Found a radiant altar of Vehumet.
  3381 | D:4      | Found a glowing golden altar of the Shining One.
  3456 | D:4      | Reached XP level 7. HP: 48/62 MP: 7/7
  3906 | D:5      | Entered Level 5 of the Dungeon
  3930 | D:5      | Found a runed translucent door.
  3931 | D:5      | Noticed Crazy Yiuf
  3952 | D:5      | Noticed Prince Ribbit
  3966 | D:5      | Killed Prince Ribbit
  3967 | D:5      | Reached skill level 9 in Axes
  4029 | D:5      | Reached skill level 1 in Shields
  4072 | D:5      | Found a staircase to the Ecumenical Temple.
  4145 | Temple   | Entered the Ecumenical Temple
  4422 | D:5      | Reached XP level 8. HP: 33/71 MP: 8/8
  4427 | D:5      | HP: 2/71 [poisoned by a gnoll]
  4429 | D:5      | Succumbed to a gnoll's poison

Illustrated notes

Levels and vault maps discovered:
D:1:      spicycebolla_arrival_risky_transporter, layout_basic,
          shapermc_ecumenical_altar_pompeii, serial_park_tiny_pond,
          minmay_misc_feat_alley
D:2:      layout_loops_cross, minivault_5
D:3:      minmay_wonky_spiral, layout_loops_ring,
          mainiacjoe_overflow_catwalk_spiral, nicolae_ashenzari_panopticon,
          wander_ebering_terrifying_dragon_lair, uniq_ijyb
D:4:      layout_basic, grunt_temple_overflow_open
D:5:      layout_layer_cave, minmay_temple_entry_sparse_star, uniq_pikel,
          uniq_crazy_yiuf_cottage, uniq_prince_ribbit1
Temple:   compressed_dpeg_triangle_lava_temple

Skill      XL: |  1  2  3  4  5  6  7 |
---------------+----------------------+-----
Fighting       | 4 5 6 |  6.6
Axes           | 5 6 7 8 9 |  9.0
Armour         | 4 |  4.4
Shields        | 1 |  1.4
Dodging        | 2 |  2.0

Action                     |  1- 3 |  4- 6 |  7- 9 || total
---------------------------+-------+-------+-------++-------
  Melee: Hand axe          |   112 |   110 |       ||   222
         Punch             |     2 |     1 |     1 ||     4
         War axe           |       |    21 |    64 ||    85
 Invoke: Berserk           |     3 |     3 |     3 ||     9
         Trog's Hand       |       |       |     1 ||     1
    Use: Potion            |       |       |     2 ||     2
 Armour: Animal skin       |    19 |       |       ||    19
         Leather armour    |    10 |       |       ||    10
         Chain mail        |       |    60 |    34 ||    94
  Dodge: Dodged            |    68 |    36 |    25 ||   129
  Block: Other             |    18 |    28 |    16 ||    62
         Reflection        |     1 |       |     3 ||     4

Table legend: (Time is in decaauts)
 A = Elapsed time spent in this place.
 B = Non-inter-level travel time spent in this place.
 C = Inter-level travel time spent in this place.
 D = Time resting spent in this place.
 E = Time spent auto-exploring this place.
 F = Levels seen in this place.
 G = Mean time per level.
                   A        B        C        D        E       F      G
               +--------+--------+--------+--------+--------+-----+--------+
         Total |   4503 |   4269 |    234 |    340 |   3237 |   6 |  750.5 |
       Dungeon |   4335 |   4122 |    213 |    340 |   3098 |   5 |  867.0 |
        Temple |    167 |    146 |     21 |      0 |    139 |   1 |  167.0 |
               +--------+--------+--------+--------+--------+-----+--------+

Top non-repeatable levels by time:
     D:2: 1019 daAuts
     D:3: 1010 daAuts
     D:1: 971 daAuts
     D:4: 966 daAuts
     D:5: 368 daAuts
  Temple: 167 daAuts
